Map: [ESL] Alcyone

Players

GuMiho

  • Race: Terran Terran
  • Spawn Location: 7:00

Solar - Winner!

  • Race: Zerg Zerg
  • Spawn Location: 1:00

Event: IEM Katowice 2024

VOD

Have the link to the VOD?

Description

Time

  • Played on: Feb. 9, 2024, 8:57 a.m.
  • Length: 13:29

All games in this series

Show
View Real Time Build Order
Export as new Build Order

GuMiho Terran 

Build Orders: Command Center First 

Get SALT Encoding   

  12  0:00  SCV  
  13  0:12  SCV  
  14  0:16  Supply Depot  
  14  0:24  SCV  
  15  0:38  SCV  
  16  0:50  SCV  
  17  0:58  Command Center  
  17  1:02  SCV  
  18  1:11  Barracks  
  18  1:15  SCV  
  19  1:20  Refinery  
  19  1:27  SCV  
  19  1:28  Refinery  
  20  1:39  SCV  
  21  1:51  SCV  
  22  1:58  Reaper  
  23  2:04  Orbital Command  
  23  2:10  Orbital Command  
  23  2:17  Factory  
  23  2:26  Barracks  
  23  2:29  SCV  
  24  2:31  Barracks Reactor  
  24  2:36  SCV  
  25  2:42  SCV  
  26  2:48  SCV  
  27  2:54  SCV  
  28  3:00  SCV  
  28  3:02  Supply Depot  
  28  3:03  Hellion  
  28  3:05  Starport  
  31  3:07  Marine x2  
  31  3:09  SCV  
  34  3:12  Barracks Tech Lab  
  34  3:13  Supply Depot, SCV  
  35  3:21  SCV  
  35  3:24  Hellion, Marine  
  35  3:25  Marine  
  40  3:29  SCV  
  40  3:33  SCV  
  42  3:37  Supply Depot  
  42  3:39  Stimpack  
  42  3:42  Marine x2  
  42  3:43  Marine  
  42  3:45  Medivac  
  42  3:47  SCV x2  
  49  3:52  Hellion  
  51  3:59  Marine, SCV  
  51  4:00  Marine, SCV, Supply Depot  
  55  4:02  Marine  
  56  4:11  SCV  
  56  4:12  SCV  
  58  4:17  Medivac  
  58  4:18  Marine x2  
  58  4:20  Factory Tech Lab  
  58  4:23  SCV  
  63  4:24  SCV  
  63  4:30  Command Center  
  64  4:32  Supply Depot, Marine  
  64  4:35  SCV  
  64  4:36  SCV, Marine x2  
  69  4:40  Refinery  
  69  4:41  Supply Depot  
  69  4:53  SCV  
  69  4:54  Siege Tank, SCV  
  69  4:55  Marine x3  
  69  4:56  Supply Depot  
  77  5:03  Medivac  
  77  5:06  SCV x2  
  81  5:13  Marine x3  
  84  5:15  Engineering Bay  
  84  5:16  Engineering Bay  
  84  5:18  SCV x2  
  84  5:19  Combat Shield  
  86  5:28  Siege Tank  
  89  5:30  SCV x2  
  89  5:32  Marine x3  
  89  5:34  Barracks  
  89  5:35  Barracks  
  94  5:38  Barracks  
  94  5:42  SCV x2  
  96  5:46  Terran Infantry Weapons Level 1, Terran Infantry Armor Level 1  
  96  5:50  Refinery  
  96  5:53  Marine  
  96  5:54  SCV x2, Marine  
  96  5:56  Reaper  
  100  6:00  Supply Depot  
  100  6:03  Siege Tank  
  104  6:11  SCV x2  
  104  6:15  Marine  
  104  6:16  Marine  
  107  6:20  Orbital Command  
  107  6:23  SCV x2  
  109  6:28  Starport Reactor, Marine  
  110  6:33  Marine x3  
  110  6:36  Marine  
  112  6:43  Marine  
  112  6:46  Marine  
  110  6:51  Marine x3  
  112  7:00  SCV x2  
  115  7:03  SCV  
  115  7:05  Armory  
  117  7:10  Barracks Reactor x3  
  117  7:12  Supply Depot, SCV x2  
  117  7:14  Supply Depot  
  117  7:15  SCV, Supply Depot  
  116  7:19  Marine x2  
  116  7:20  Siege Tank  
  108  7:24  Marine, SCV x2  
  108  7:25  Medivac x2  
  108  7:28  SCV  
  111  7:32  Command Center  
  111  7:36  SCV x2  
  110  7:37  Marine  
  110  7:38  Marine  
  110  7:40  SCV  
  110  7:41  Supply Depot x2  
  110  7:42  Marine  
  114  7:48  SCV x2, Marine x6  
  122  7:52  SCV  
  122  7:55  Marine x2  
  122  7:56  Supply Depot, Refinery  
  122  7:58  Terran Infantry Weapons Level 2, Factory  
  125  8:00  SCV x2, Marine  
  125  8:02  Terran Infantry Armor Level 2  
  128  8:08  Supply Depot, Refinery  
  128  8:09  Supply Depot  
  128  8:10  Drilling Claws  
  128  8:13  Marine  
  128  8:14  Marine x7  
  128  8:17  SCV x3  
  128  8:18  Marine  
  140  8:21  Terran Vehicle And Ship Armor Level 1  
  140  8:28  Barracks x2  
  140  8:29  Barracks, SCV x2  
  140  8:30  SCV  
  143  8:39  Marine x6  
  144  8:42  SCV x3  
  144  8:46  Widow Mine  
  149  8:51  Marine x3  
  149  8:52  Factory Reactor  
  149  8:53  Medivac x2  
  150  8:55  SCV x2  
  150  8:56  SCV  
  149  9:07  SCV  
  149  9:08  SCV x2  
  154  9:10  Marauder  
  154  9:14  Command Center, Widow Mine  
  156  9:18  Barracks Tech Lab x3, Command Center  
  156  9:19  SCV  
  156  9:20  Concussive Shells  
  157  9:27  SCV x2  
  157  9:30  Supply Depot, Widow Mine x2  
  157  9:31  Marauder  
  165  9:35  Widow Mine  
  165  9:36  Medivac x2  
  171  9:40  SCV x3  
  174  9:50  Sensor Tower  
  174  9:51  Widow Mine x2  
  180  9:55  Marauder x2, Marine x2  
  180  9:57  Widow Mine  
  180  9:59  Planetary Fortress  
  189  10:02  Refinery  
  189  10:06  Refinery  
  186  10:07  Marauder x2  
  186  10:13  Widow Mine x2  
  194  10:16  Marauder  
  194  10:17  Sensor Tower  
  194  10:18  Widow Mine  
  197  10:25  Terran Infantry Weapons Level 3  
  197  10:27  Command Center  
  197  10:29  Command Center  
  197  10:35  Orbital Command x2  
  195  10:46  Marauder x2, Marine  
  195  10:47  Marauder, Marine x5  
  195  10:48  Marine x2  
  187  10:55  Marauder  
  185  11:04  Marine x2  
  185  11:05  Marine x2  
  185  11:07  Marauder  
  185  11:08  Marauder x2  
  161  11:13  Marine x4  
  161  11:14  Widow Mine x2  
  161  11:15  Medivac x2  
  161  11:17  Marauder  
  171  11:21  Marine  
  171  11:22  Marine  
  171  11:23  Marine  
  165  11:29  Marauder x2  
  165  11:30  Marauder  
  159  11:33  Marine x3  
  159  11:35  Marine x2  
  159  11:36  Widow Mine  
  159  11:37  Widow Mine x2  
  159  11:38  Marauder  
  158  11:43  Marine x3  
  145  11:50  Marauder x2  
  145  11:51  Marauder, Marine x3, Medivac x2  
  145  11:53  Marine  
  154  11:56  Orbital Command  
  154  11:58  Widow Mine, Ghost Academy  
  154  11:59  Marauder  
  158  12:08  Marine x2  
  159  12:10  Widow Mine x2  
  159  12:12  Marauder x2  
  159  12:13  Marauder  
  170  12:18  Unknown, Marine  
  170  12:19  Widow Mine, Marine x3  
  170  12:21  Marauder  
  173  12:31  Widow Mine x2  
  173  12:32  Ghost  
  173  12:33  Ghost, Marauder  
  177  12:38  Marine x3  
  177  12:41  Widow Mine  
  177  12:42  Marauder  
  182  12:45  Liberator  
  182  12:48  Marine x3  
  187  12:52  Marine x2  
  187  12:53  Siege Tank, Widow Mine  
  187  12:54  Marauder  
Show
View Real Time Build Order
Export as new Build Order

Solar Zerg - Winner!

Build Orders: Hatch First, Lurkers 

Get SALT Encoding   

  12  0:00  Drone  
  13  0:08  Drone  
  14  0:14  Extractor  
  14  0:15  Drone  
  15  0:37  Hatchery  
  15  0:42  Extractor  
  13  0:43  Drone  
  13  0:48  Overlord  
  15  1:02  Spawning Pool  
  14  1:06  Drone  
  14  1:09  Drone  
  16  1:13  Drone  
  16  1:18  Drone  
  18  1:27  Extractor  
  18  1:29  Drone  
  18  1:39  Drone  
  19  1:48  Queen x2  
  19  1:49  Zergling x2  
  19  1:51  Drone  
  25  2:00  Overlord  
  25  2:01  Drone  
  26  2:12  Drone x2  
  28  2:24  Drone, Queen  
  31  2:32  Hatchery  
  31  2:36  Drone  
  31  2:39  Drone  
  31  2:42  Overlord  
  31  2:52  Drone, Metabolic Boost  
  31  2:54  Drone  
  31  2:55  Drone  
  34  3:00  Drone x2  
  34  3:02  Drone  
  34  3:05  Drone  
  38  3:06  Drone  
  38  3:12  Queen  
  39  3:16  Overlord  
  41  3:21  Queen  
  41  3:24  Zergling x2  
  44  3:35  Zergling x4  
  44  3:37  Drone x6  
  52  3:41  Overlord  
  52  3:44  Spore Crawler  
  52  3:46  Drone  
  52  3:47  Drone  
  52  3:48  Drone  
  55  3:50  Queen  
  55  3:55  Overlord  
  57  3:57  Zergling x2  
  57  4:00  Zergling x2  
  57  4:02  Queen  
  59  4:07  Drone x2  
  59  4:09  Drone  
  64  4:14  Drone x3  
  64  4:17  Zergling x2  
  68  4:21  Spore Crawler  
  68  4:22  Drone, Spore Crawler, Overlord  
  68  4:23  Drone x2  
  68  4:24  Drone  
  70  4:26  Spore Crawler  
  70  4:28  Queen  
  70  4:33  Zergling x6  
  70  4:35  Overlord  
  73  4:41  Overlord  
  73  4:44  Overlord  
  74  4:51  Overlord  
  74  4:54  Drone x7  
  74  4:57  Lair  
  74  4:59  Drone  
  82  5:01  Zergling x10  
  82  5:05  Queen  
  82  5:06  Extractor  
  88  5:07  Overlord  
  88  5:09  Zergling x2  
  88  5:12  Drone  
  91  5:14  Drone x3, Extractor  
  91  5:15  Baneling Nest  
  91  5:19  Drone  
  92  5:22  Drone  
  92  5:23  Extractor  
  92  5:24  Zergling x4  
  92  5:27  Drone  
  95  5:29  Drone  
  95  5:31  Zergling x4  
  98  5:36  Zergling x2, Overlord  
  98  5:37  Zergling x4  
  98  5:40  Hatchery  
  100  5:43  Drone  
  100  5:44  Zergling x2  
  100  5:48  Zergling x6  
  105  5:51  Evolution Chamber  
  105  5:52  Overlord, Evolution Chamber  
  105  5:57  Drone  
  104  6:00  Baneling x8, Centrifugal Hooks  
  104  6:01  Baneling  
  104  6:02  Drone x2  
  104  6:03  Drone x3  
  109  6:05  Extractor  
  109  6:06  Overlord  
  108  6:12  Zergling x6  
  108  6:15  Zergling x4  
  113  6:19  Zergling x2  
  113  6:20  Zerg Ground Armor Level 1  
  113  6:22  Zergling x2  
  113  6:25  Baneling x4  
  115  6:26  Overlord  
  115  6:27  Zergling x2  
  115  6:28  Zergling x6  
  115  6:29  Queen  
  121  6:33  Zerg Melee Weapons Level 1  
  121  6:34  Zergling x8  
  121  6:38  Zergling x2  
  125  6:43  Queen  
  125  6:45  Zergling x4  
  125  6:51  Zergling x8  
  125  6:53  Baneling x2  
  128  6:57  Zergling x10  
  132  7:04  Zergling x4, Queen  
  132  7:10  Zergling x4  
  131  7:19  Drone x6  
  131  7:22  Drone  
  129  7:28  Drone  
  132  7:31  Drone x2  
  135  7:37  Zergling x4  
  134  7:45  Zergling x12  
  134  7:50  Baneling  
  134  7:51  Drone x2, Baneling x3  
  141  7:54  Zergling x2  
  141  7:57  Overlord x3  
  141  7:58  Extractor, Spore Crawler  
  140  8:00  Hydralisk Den  
  140  8:01  Drone  
  140  8:03  Baneling x5  
  138  8:05  Overlord  
  138  8:07  Zergling x4, Infestation Pit, Drone x3  
  138  8:10  Overlord  
  138  8:12  Baneling x3  
  142  8:13  Zergling x2  
  142  8:14  Overlord  
  142  8:15  Spore Crawler, Overlord  
  142  8:16  Zergling x8  
  147  8:20  Zergling x4, Drone  
  147  8:21  Hatchery  
  147  8:24  Overseer  
  147  8:26  Baneling x2  
  148  8:27  Drone  
  148  8:29  Zergling x2  
  148  8:31  Zerg Ground Armor Level 2, Grooved Spines  
  148  8:32  Zerg Melee Weapons Level 2  
  150  8:35  Drone x2, Hydralisk x5  
  150  8:39  Hydralisk x2  
  162  8:41  Zergling x6  
  162  8:44  Zergling x4  
  162  8:46  Drone x3  
  170  8:48  Drone  
  170  8:52  Hydralisk  
  170  8:54  Hatchery  
  172  8:56  Zergling x6  
  172  9:07  Zergling x16  
  172  9:09  Hive  
  178  9:13  Extractor, Hydralisk  
  178  9:14  Hydralisk x2, Lurker Den  
  178  9:16  Overseer  
  182  9:19  Hydralisk x2  
  182  9:22  Muscular Augments  
  182  9:23  Drone x2  
  188  9:26  Baneling x6  
  188  9:29  Drone  
  188  9:31  Zergling x2  
  190  9:35  Zergling x10  
  195  9:42  Drone x2  
  195  9:43  Zergling x6  
  195  9:45  Zergling x4  
  194  9:54  Zergling x8  
  194  9:58  Zergling x4  
  200  10:06  Baneling x5  
  200  10:07  Baneling x5  
  200  10:11  Drone, Spore Crawler  
  200  10:20  Zergling x6  
  199  10:22  Pneumatized Carapace  
  199  10:25  Hatchery  
  198  10:34  Drone  
  188  10:45  Zergling x52  
  188  10:48  Zerg Missile Weapons Level 1  
  188  10:50  Viper x2, Zerg Ground Armor Level 3  
  188  10:52  Zergling x4  
  188  10:53  Seismic Spines  
  188  10:55  Drone  
  188  10:56  Drone  
  191  11:00  Zergling x8  
  190  11:06  Drone, Hydralisk x2  
  190  11:07  Zergling x8  
  187  11:14  Zergling x6  
  187  11:16  Adrenal Glands  
  186  11:18  Zergling x2  
  186  11:19  Zergling x2  
  186  11:23  Zergling x4  
  186  11:27  Zergling x14  
  186  11:30  Zergling x8  
  186  11:32  Overseer x2  
  184  11:35  Hydralisk x2  
  184  11:36  Zergling x6  
  184  11:38  Zergling x2  
  183  11:42  Zergling x4  
  169  11:48  Extractor  
  169  11:50  Drone, Adaptive Talons  
  169  11:51  Zergling x10, Drone  
  161  11:54  Hydralisk x3  
  161  11:55  Zergling x4  
  161  11:56  Baneling x7  
  161  11:57  Baneling x2  
  161  11:58  Lurker  
  161  11:59  Lurker x6  
  161  12:00  Zergling x2  
  161  12:01  Zergling x8  
  181  12:02  Zergling x4  
  181  12:07  Zergling x10  
  188  12:09  Lurker  
  188  12:10  Baneling  
  189  12:17  Hatchery  
  189  12:19  Zergling x2  
  189  12:20  Zergling x12  
  194  12:25  Zergling x2, Hydralisk x4  
  194  12:26  Zergling x4  
  194  12:29  Hatchery  
  194  12:31  Zergling x2  
  194  12:32  Zergling x8  
  194  12:36  Zergling x12  
  185  12:42  Baneling x2  
  185  12:45  Hydralisk x3  
  185  12:48  Baneling x6  
  191  12:52  Zergling x14  
  191  12:55  Overseer  
  191  12:57  Zergling x2  
  196  13:09  Zergling x12  

Tags
 
Add a new tag
Caveats
  • Supply blocks, unpowered buildings, or Contaminate may cause inaccurate times.
  • Supply counts are checked every 10 seconds.